 Dungeon Crawl Stone Soup version 0.23.0 (webtiles) character file.

Game seed: 632674069386887478

87 Gadfly the Gusty (level 4, 0/25 HPs)
             Began as a Tengu Air Elementalist on Feb 17, 2019.
             Slain by Natasha (5 damage)
             ... on level 2 of the Dungeon.
             The game lasted 00:05:25 (2388 turns).

Gadfly the Gusty (Tengu Air Elementalist)           Turns: 2388, Time: 00:05:26

Health: 0/25       AC:  3    Str:  8    XL:     4   Next: 51%
Magic:  1/9        EV: 13    Int: 17    God:
Gold:   56         SH:  0    Dex: 14    Spells: 2/8 levels left

rFire    . . .     SeeInvis .   d - +0 mace
rCold    . . .     Gourm    .   (no shield)
rNeg     . . .     Faith    .   a - +0 robe
rPois    .         Spirit   .   (helmet restricted)
rElec    .         Reflect  .   g - +0 cloak
rCorr    .         Harm     .   (no gloves)
MR       .....     Rnd*Tele +   (boots unavailable)
Stlth    ++........             e - amulet of magic regeneration
HPRegen  0.08/turn              i - ring of teleportation (curse)
MPRegen  0.36/turn              (no ring)

@: no status effects
A: beak, talons 3
a: no special abilities


You were on level 2 of the Dungeon.
You were hungry.

You visited 1 branch of the dungeon, and saw 2 of its levels.

You collected 56 gold pieces.

Inventory:

Hand Weapons
 d - a +0 mace (weapon)
Armour
 a - a +0 robe (worn)
 g - a +0 cloak (worn)
Jewellery
 e - an amulet of magic regeneration (around neck)
 h - a +3 ring of evasion
 i - a cursed ring of teleportation (left hand)
Scrolls
 k - a scroll of magic mapping {unknown}
Potions
 b - a potion of experience {unknown}
 f - a potion of haste {unknown}
 j - a potion of magic {unknown}
 l - a potion of curing {unknown}
 m - a potion of invisibility {unknown}
 n - a potion of mutation {unknown}
Comestibles
 c - 5 rations


   Skills:
 + Level 1.1 Fighting
 + Level 2.8 Dodging
 - Level 2.0 Stealth
 * Level 2.8 Spellcasting
 * Level 3.1 Conjurations
 + Level 4.5 Air Magic


You had 2 spell levels left.
You knew the following spells:

 Your Spells              Type           Power        Failure   Level  Hunger
a - Shock                 Conj/Air       ###.         3%          1    #......
b - Swiftness             Chrm/Air       ##......     11%         2    ##.....
c - Static Discharge      Conj/Air       ###.....     11%         3    ###....

Your spell library contained the following spells:

 Spells                   Type           Power        Failure   Level  Hunger
 Airstrike                Air            ###.......   28%         4    #####..
 Lightning Bolt           Conj/Air       ###.......   71%         5    ######.


Dungeon Overview and Level Annotations

Branches:
Dungeon (2/15)

Altars:

Annotations:
D:2 Natasha


Innate Abilities, Weirdness & Mutations

You have a beak for a mouth.
You have claws for feet.


Message History

Confirm with . or Enter, or press ? or * to list all spells.
Aiming: Shock (safe; 3% risk of failure)
Press: ? - help, Shift-Dir - straight line, f/p - Natasha
Aim: Natasha (almost dead)
The zap hits Natasha but does no damage.
Natasha is almost dead.
Natasha misses you.
Casting: Shock (safe; 3% risk of failure)
Confirm with . or Enter, or press ? or * to list all spells.
Aiming: Shock (safe; 3% risk of failure)
Press: ? - help, Shift-Dir - straight line, f/p - Natasha
Aim: Natasha (almost dead)
The zap misses Natasha.
Natasha barely misses you.
Casting: Shock (safe; 3% risk of failure)
Confirm with . or Enter, or press ? or * to list all spells.
Aiming: Shock (safe; 3% risk of failure)
Press: ? - help, Shift-Dir - straight line, f/p - Natasha
Aim: Natasha (almost dead)
The zap misses Natasha.
Natasha claws you.
You die...

#.# #.# #.# #.# ##########
##### #.# #........# #...#
#.# #........# #...# #.#
#........# #...#
######.###......h.###...####
.........'......@.'.......>#
.......###..).....###...##.#
######## #........# #...##.#
###.###### #...##.# #### #.#
#...##.# ...# #.# #...##.#
...#########.########...##.#
...................#######.#
...########...)(....# #.#


You could see Natasha.

Vanquished Creatures
  Natasha (D:2)
  2 adders (D:2)
  A leopard gecko (D:1)
  2 giant cockroaches (D:1)
  7 goblins
  8 hobgoblins
  5 bats (D:1)
  6 frilled lizards
  5 kobolds
  6 rats
43 creatures vanquished.

Notes
Turn   | Place    | Note
-------+----------+-------------------------------------------
     0 | D:1      | Gadfly the Tengu Air Elementalist began the quest for the
                  | Orb.
     0 | D:1      | Reached XP level 1. HP: 10/10 MP: 4/4
   283 | D:1      | Reached XP level 2. HP: 15/15 MP: 3/6
   475 | D:1      | Learned a level 2 spell: Swiftness
   881 | D:2      | Reached XP level 3. HP: 15/20 MP: 4/7
  1367 | D:2      | Learned a level 3 spell: Static Discharge
  1390 | D:2      | Reached skill level 1 in Fighting
  1596 | D:2      | Reached XP level 4. HP: 20/25 MP: 4/8
  1910 | D:2      | Noticed Natasha
  1914 | D:2      | Killed Natasha
  2377 | D:2      | Noticed Natasha
  2388 | D:2      | Slain by Natasha

Skill      XL: |  1  2  3  4 |
---------------+-------------+-----
Conjurations   | 2 3 |  3.1
Fighting       | 1 |  1.1
Dodging        | |  2.8
Stealth        | |  2.0
Spellcasting   | |  2.8
Air Magic      | |  4.5

Action                   |  1- 3 |  4- 6 || total
-------------------------+-------+-------++-------
Melee: Mace              |    40 |     5 ||    45
       Unarmed           |     3 |       ||     3
       Kick              |     8 |       ||     8
       Peck              |     4 |     1 ||     5
 Cast: Shock             |    31 |     6 ||    37
       Static Discharge  |       |     5 ||     5
  Use: Scroll            |     1 |       ||     1
 Stab: Sleeping          |     4 |     1 ||     5
  Eat: Chunk             |     3 |     2 ||     5
Armor: Robe              |    10 |     1 ||    11
Dodge: Dodged            |    38 |     5 ||    43
